 Dungeon Sprint DCSS version 0.28-a0-71-g84acfa7270 (webtiles) character file.

Game seed: 6711765052212519330

203 Zeldest the Grappler (level 5, -11/50 HPs)
             Began as a Troll Fighter on Aug 2, 2021.
             Was an Initiate of Cheibriados.
             Mangled by a two-headed ogre (19 damage)
             ... in the Dungeon (Sprint IX: "|||||||||||||||||||||||||||||").
             The game lasted 00:01:00 (113 turns).

Zeldest the Grappler (Troll Fighter)                 Turns: 113, Time: 00:01:01

Health: -11/50     AC:  7    Str: 26    XL:     5   Next: 51%
Magic:  4/4        EV: 10    Int:  5    God:    Cheibriados [......]
Gold:   0          SH:  9    Dex: 10    Spells: 4/4 levels left

rFire   . . .      SeeInvis .     - Unarmed
rCold   . . .      Faith    .   b - +0 kite shield
rNeg    . . .      Spirit   .   a - +0 robe
rPois   .          Reflect  .   (helmet restricted)
rElec   .          Harm     .   m - +0 cloak
rCorr   .          Rampage  .   (gloves unavailable)
Will    .....      NoTele   +   (boots unavailable)
Stlth   +.........              (no amulet)
HPRegen 1.16/turn               n - +2 ring of protection
MPRegen 0.09/turn               o - +2 ring of evasion

@: mighty, very slightly contaminated, invisible, very slow
A: large, unfitting armour, claws 3, regeneration 1, shaggy fur 1, tough skin 1
a: Renounce Religion, Bend Time


You were in the Dungeon.
You worshipped Cheibriados.
Cheibriados was noncommittal.
You visited 1 branch

Inventory:

Armour
 a - a +0 robe (worn)
 b - a +0 kite shield (worn)
 m - a +0 cloak (worn)
Jewellery
 n - a +2 ring of protection (left claw)
 o - a +2 ring of evasion (right claw)
Wands
 l - a wand of acid (10)
Scrolls
 i - 2 scrolls of blinking
 k - 2 scrolls of amnesia
Potions
 d - 5 potions of curing
 e - 3 potions of heal wounds
 f - a potion of haste
 g - 4 potions of magic
 h - a potion of berserk rage


   Skills:
 + Level 2.4 Fighting
 + Level 0.0 Armour
 - Level 2.4 Dodging
 + Level 2.4 Shields
 + Level 11.5 Unarmed Combat
 + Level 0.0 Invocations


You had 4 spell levels left.
You didn't know any spells.
Your spell library was empty.

Dungeon Overview and Level Annotations

Branches:
Dungeon (1/1)

Altars:
Cheibriados
Dithmenos
Elyvilon
Fedhas
Gozag
Hepliaklqana
Kikubaaqudgha
Makhleb
Nemelex Xobeh
Okawaru
Qazlal
Ru
Sif Muna
Trog
Uskayaw
Vehumet
Wu Jian
Xom
Yredelemnul
Zin
The Shining One
Beogh
Jiyva
Lugonu


Innate Abilities, Weirdness & Mutations

You are too large for most types of armour.
You have claws for hands.
Your natural rate of healing is unusually fast.
You are covered in fur. (AC +1)
You have tough skin. (AC +1)


Message History

Found a +2 ring of evasion.
k - 2 scrolls of amnesia;
i - 2 scrolls of blinking (gained 1)
l - a wand of acid (10)
Items here: )))))).
You see here a +0 cloak.
You see here a +0 helmet.
You see here a +0 cloak.
You start putting on your armour.
You continue putting on your +0 cloak. x4
You finish putting on your +0 cloak.
You see here a +0 helmet.
You see here a +1 scale mail.
n - a +2 ring of protection
o - a +2 ring of evasion
n - a +2 ring of protection (left claw)
o - a +2 ring of evasion (right claw)
Okay, then.
You open the door. 2 yaks, a steam dragon, an orc wizard, a two-headed ogre and a howler monkey come into view.
The steam dragon hisses angrily.
The two-headed ogre shouts in stereo!
The howler monkey howls!
The orc wizard shouts!
You feel very mighty all of a sudden.
The howler monkey hoots and howls with incredible vigour!
You hear an angry buzzing noise.
You barely miss the two-headed ogre.
The two-headed ogre hits you with a +0 giant spiked club!!
The two-headed ogre hits you with a +0 giant club!!
Ouch! That really hurt!
* * * LOW HITPOINT WARNING * * *
You fade into invisibility!
The two-headed ogre closely misses you. You block the two-headed ogre's attack.
You are very lightly contaminated with residual magic.
You mangle the two-headed ogre!!
The two-headed ogre is heavily wounded.
The two-headed ogre barely misses you. You block the two-headed ogre's attack.
You mangle the two-headed ogre!!
The two-headed ogre is almost dead.
You barely miss the two-headed ogre.
The two-headed ogre is almost dead.
The two-headed ogre hits you with a +0 giant spiked club!!
You die...

▓.▓
▓.▓
▓)▓
▓.▓
▓.▓
▓[▓
▓[▓
▓.▓
▓@▓
▓O▓
▓D▓
▓h▓
▓Y▓
▓Y▓
▓o▓
▓.▓


You could see a two-headed ogre, 2 yaks, a steam dragon, a howler monkey and an
orc wizard.

Vanquished Creatures
  An ogre (D)
  A necrophage (D)
  An iguana (D)
  An ufetubus (D)
  An endoplasm (D)
  A giant cockroach (D)
  A goblin (D)
  A jackal (D)
  A giant cockroach zombie (D)
  A rat (D)
10 creatures vanquished.

Notes
Turn   | Place    | Note
-------+----------+-------------------------------------------
     0 | D        | Zeldest the Troll Fighter began the quest for the Orb.
     0 | D        | Reached XP level 1. HP: 22/22 MP: 0/0
    18 | D        | Reached skill level 3 in Unarmed Combat
    23 | D        | Reached skill level 4 in Unarmed Combat
    29 | D        | Noticed an ogre
    29 | D        | Noticed an iguana
    29 | D        | Noticed a necrophage
    32 | D        | Reached XP level 2. HP: 29/29 MP: 1/1
    34 | D        | Killed an ogre
    35 | D        | Reached skill level 9 in Unarmed Combat
    35 | D        | Reached XP level 3. HP: 22/36 MP: 2/2
    35 | D        | Reached XP level 4. HP: 27/44 MP: 3/3
    46 | D        | Killed a necrophage
    47 | D        | Reached skill level 11 in Unarmed Combat
    47 | D        | Reached XP level 5. HP: 30/50 MP: 4/4
    54 | D        | Found a snail-covered altar of Cheibriados.
    54 | D        | Found a shadowy altar of Dithmenos.
    54 | D        | Found a white marble altar of Elyvilon.
    54 | D        | Found a blossoming altar of Fedhas.
    54 | D        | Found an opulent altar of Gozag.
    55 | D        | Found a hazy altar of Hepliaklqana.
    56 | D        | Found a viscous altar of Jiyva.
    57 | D        | Found an ancient bone altar of Kikubaaqudgha.
    58 | D        | Became a worshipper of Cheibriados the Contemplative
    59 | D        | Found a corrupted altar of Lugonu.
    60 | D        | Found a burning altar of Makhleb.
    61 | D        | Found a sparkling altar of Nemelex Xobeh.
    62 | D        | Found an iron altar of Okawaru.
    63 | D        | Found a stormy altar of Qazlal.
    64 | D        | Found a sacrificial altar of Ru.
    65 | D        | Found a shimmering blue altar of Sif Muna.
    66 | D        | Found a bloodstained altar of Trog.
    67 | D        | Found a hide-covered altar of Uskayaw.
    68 | D        | Found a radiant altar of Vehumet.
    69 | D        | Found an ornate altar of the Wu Jian Council.
    70 | D        | Found a shimmering altar of Xom.
    71 | D        | Found a basalt altar of Yredelemnul.
    72 | D        | Found a glowing silver altar of Zin.
    73 | D        | Found a glowing golden altar of the Shining One.
    82 | D        | Found the +6 Majin-Bo {vamp, MP+6 Int+6}
   106 | D        | Noticed a steam dragon
   106 | D        | Noticed a two-headed ogre
   106 | D        | Noticed a yak
   106 | D        | Noticed a yak
   113 | D        | Mangled by a two-headed ogre

Illustrated notes

Levels and vault maps discovered:
D:        linesprint [early_d, line_temple, items_1, d_10, items_2, lair_1,
          lair_end, items_3, orc_1, orc_end, items_4, d_15, swamp_1, shoals_1,
          snake_1, spider_1, d_20, vaults_1, items_5, swamp_end, shoals_end,
          snake_end, spider_end, vaults_end, d_27, items_6, zot_1, zot_end,
          crypt_end, forest_end, elf_end, slime_end, tomb_end, abyss_end,
          pan_hell_end]

Skill      XL: |  1  2  3  4 |
---------------+-------------+-----
Unarmed Combat | 4 9 11 | 11.5
Fighting       | |  2.4
Dodging        | |  2.4
Shields        | |  2.4

Action                   |  1- 3 |  4- 6 || total
-------------------------+-------+-------++-------
Melee: Unarmed           |    24 |    17 ||    41
  Use: Potion            |       |     2 ||     2
Armor: Robe              |    11 |     1 ||    12
Dodge: Dodged            |     5 |     2 ||     7
Block: Kite shield       |     7 |     6 ||    13

Table legend: (Time is in decaauts)
 A = Elapsed time spent in this place.
 B = Non-inter-level travel time spent in this place.
 C = Inter-level travel time spent in this place.
 D = Time resting spent in this place.
 E = Time spent auto-exploring this place.
 F = Levels seen in this place.
 G = Mean time per level.
                   A        B        C        D        E       F      G
               +--------+--------+--------+--------+--------+-----+--------+
         Total |    126 |    126 |      0 |      0 |      0 |   1 |  126.0 |
       Dungeon |    126 |    126 |      0 |      0 |      0 |   1 |  126.0 |
               +--------+--------+--------+--------+--------+-----+--------+

Top non-repeatable levels by time:
       D: 126 daAuts
